 Dungeon Crawl Stone Soup version 0.29.1-15-g9cfb28693d (webtiles) character file.

Game seed: 17979886164174248661

78 monke the Charlatan (level 4, -6/32 HPs)
             Began as a Gnoll Wanderer on Mar 29, 2023.
             Mangled by a water moccasin (7 damage)
             ... on level 4 of the Dungeon.
             The game lasted 00:09:20 (2762 turns).

monke the Charlatan (Gnoll Wanderer)                Turns: 2762, Time: 00:09:20

Health: -6/32      AC:  5    Str:  9    XL:     4   Next: 36%
Magic:  7/7        EV: 12    Int: 11    God:
Gold:   100        SH:  0    Dex: 16    Spells: 7/9 levels left

rFire   . . .      SeeInvis .   j - +0 short sword
rCold   . . .      Faith    .   (no shield)
rNeg    + . .      Spirit   .   u - +0 ring mail
rPois   .          Reflect  .   (no helmet)
rElec   .          Harm     .   (no cloak)
rCorr   .          Rampage  .   (no gloves)
Will    .....                   (no boots)
Stlth   ++........              h - amulet of the acrobat
HPRegen 0.10/turn               e - ring of positive energy
MPRegen 0.10/turn               (no ring)

@: mighty, lethally poisoned (-6 -> -13)
A: fangs 1, strong nose, distributed training, low MP 1
a: no special abilities


You were on level 4 of the Dungeon.
You visited 1 branch of the dungeon, and saw 4 of its levels.

You collected 100 gold pieces.

Inventory:

Hand Weapons
 a - a +2 sling
 j - a +0 short sword (weapon)
Armour
 d - a +0 robe
 u - a +0 ring mail (worn)
 w - a +0 leather armour
Jewellery
 e - a ring of positive energy (left hand)
 h - an amulet of the acrobat (around neck)
 r - a ring of ice
Scrolls
 c - a scroll of summoning
 f - a scroll of enchant armour {unknown}
 g - 2 scrolls of immolation {unknown}
 k - a scroll of fear {unknown}
 l - a scroll of enchant weapon {unknown}
 m - 5 scrolls of teleportation {unknown}
 o - a scroll of noise {unknown}
 p - a scroll of identify {unknown}
 q - a scroll of fog {unknown}
Potions
 n - a potion of magic {unknown}
 t - a potion of cancellation {unknown}
 v - a potion of curing {unknown}
Miscellaneous
 b - a piece from Xom's chessboard (15/15)


   Skills:
 + Level 1.2 Fighting
 + Level 1.2 Short Blades
 + Level 1.2 Long Blades
 + Level 1.2 Axes
 + Level 1.2 Maces & Flails
 + Level 1.2 Polearms
 + Level 1.2 Staves
 + Level 4.6 Ranged Weapons
 + Level 1.2 Throwing
 + Level 2.8 Armour
 + Level 4.6 Dodging
 + Level 2.6 Stealth
 + Level 1.2 Shields
 + Level 1.2 Unarmed Combat
 + Level 3.0 Spellcasting
 + Level 1.0 Conjurations
 + Level 1.0 Hexes
 + Level 1.0 Summonings
 + Level 1.0 Necromancy
 + Level 2.2 Translocations
 + Level 1.0 Transmutations
 + Level 1.0 Fire Magic
 + Level 1.0 Ice Magic
 + Level 1.0 Air Magic
 + Level 1.0 Earth Magic
 + Level 1.0 Poison Magic
 + Level 1.3 Invocations
 + Level 4.6 Evocations


You had 7 spell levels left.
You knew the following spells:

 Your Spells              Type           Power      Damage    Failure   Level
a - Apportation           Tloc           12%        N/A       28%         1
b - Summon Small Mammal   Summ           12%        N/A       43%         1

Your spell library contained the following spells:

 Spells                   Type           Power      Damage    Failure   Level
 Necrotise                Necr           12%        1d4       43%         1
 Gell's Gravitas          Tloc           6%         N/A       63%         3


Dungeon Overview and Level Annotations

Branches:
Dungeon (4/15)
 Temple: D:4-7

Altars:
Nemelex Xobeh


Innate Abilities, Weirdness & Mutations

You have very sharp teeth.
Your uncanny sense of smell can sniff out nearby items.
Your experience applies equally to all skills.
Your magical capacity is low. (-10% MP)


Message History

The water moccasin is heavily wounded.
You shoot a sling bullet.
The sling bullet closely misses the water moccasin.
You shoot a sling bullet.
The sling bullet closely misses the water moccasin.
The water moccasin bites you. The water moccasin closely misses you.
You shoot a sling bullet.
The sling bullet barely misses the water moccasin.
The water moccasin bites you! The water moccasin bites you.
You shoot a sling bullet.
The sling bullet closely misses the water moccasin.
The water moccasin barely misses you. x2
You shoot a sling bullet.
The sling bullet hits the water moccasin.
The water moccasin is severely wounded.
The water moccasin bites you.
You are lethally poisoned!
The water moccasin poisons you! The water moccasin bites you.
* * * LOW HITPOINT WARNING * * *
You are too injured to fight recklessly!
It was a potion of might.
You feel very mighty all of a sudden.
* * * LOW HITPOINT WARNING * * *
You feel very sick.
The water moccasin bites you but does no damage.
Okay, then.
Okay, then.
j - a +0 short sword (weapon)
* * * LOW HITPOINT WARNING * * *
You feel sick.
The water moccasin bites you but does no damage.
You are too injured to fight recklessly!
You are too injured to fight recklessly!
Sorry, you're not good enough to have a special ability.
It was a potion of mutation.
You feel extremely strange.
You feel less energetic. A pair of horns grows on your head!
The horns on your head shrink away.
* * * LOW HITPOINT WARNING * * *
You feel sick. The water moccasin bites you!
You die...

...#...[...?...
.$.............
#..?...........
##..............
................
.....(.........
#.....S.......
#....@.......
#............
##...........
#.#####..........
#......................
....##'#######.##......
..
#........#...#........
#........#............
#........#............


You could see a water moccasin.

Vanquished Creatures
  A gnoll (D:3)
  An adder (D:3)
  A worm (D:2)
  A dart slug (D:2)
  2 orcs (D:3)
  2 bats
  7 endoplasms
  2 giant cockroaches
  3 goblins
  7 hobgoblins
  5 quokkas (D:1)
  4 ball pythons
  3 frilled lizards
  4 kobolds
  3 rats
46 creatures vanquished.

Vanquished Creatures (others)
  A plant (D:1)
1 creature vanquished.

Grand Total: 47 creatures vanquished

Notes
Turn   | Place    | Note
-------+----------+-------------------------------------------
     0 | D:1      | monke the Gnoll Wanderer began the quest for the Orb.
     0 | D:1      | monke set off with the following items: a +2 sling, a piece
                  | from Xom's chessboard (15/15), a scroll of summoning, a +0
                  | robe; and the following spell memorised: Apportation; and
                  | the following spells available to memorise: Gell's
                  | Gravitas.
     0 | D:1      | Reached XP level 1. HP: 13/13 MP: 4/4
   113 | D:1      | Reached XP level 2. HP: 19/19 MP: 5/5
   390 | D:1      | Reached XP level 3. HP: 25/25 MP: 7/7
   741 | D:1      | Learned a level 1 spell: Summon Small Mammal
   859 | D:2      | Reached skill level 1 in Invocations
  1207 | D:2      | Found a sparkling altar of Nemelex Xobeh.
  1318 | D:2      | Reached skill level 1 in Fighting
  1318 | D:2      | Reached skill level 1 in Short Blades
  1318 | D:2      | Reached skill level 1 in Long Blades
  1318 | D:2      | Reached skill level 1 in Axes
  1318 | D:2      | Reached skill level 1 in Maces & Flails
  1318 | D:2      | Reached skill level 1 in Polearms
  1318 | D:2      | Reached skill level 1 in Staves
  1318 | D:2      | Reached skill level 1 in Throwing
  1318 | D:2      | Reached skill level 1 in Shields
  1318 | D:2      | Reached skill level 1 in Unarmed Combat
  1542 | D:3      | Reached XP level 4. HP: 32/32 MP: 8/8
  2729 | D:4      | Reached skill level 1 in Conjurations
  2729 | D:4      | Reached skill level 1 in Hexes
  2729 | D:4      | Reached skill level 1 in Summonings
  2729 | D:4      | Reached skill level 1 in Necromancy
  2729 | D:4      | Reached skill level 1 in Transmutations
  2729 | D:4      | Reached skill level 1 in Fire Magic
  2729 | D:4      | Reached skill level 1 in Ice Magic
  2729 | D:4      | Reached skill level 1 in Air Magic
  2729 | D:4      | Reached skill level 1 in Earth Magic
  2729 | D:4      | Reached skill level 1 in Poison Magic
  2752 | D:4      | Noticed a water moccasin
  2762 | D:4      | Gained mutation: Your magical capacity is low. (-10% MP)
                  | [potion of mutation]
  2762 | D:4      | Gained mutation: You have a pair of small horns on your
                  | head. [potion of mutation]
  2762 | D:4      | Lost mutation: You have a pair of small horns on your head.
                  | [potion of mutation]
  2762 | D:4      | HP: 1/32 [poisoned by a water moccasin]
  2762 | D:4      | Mangled by a water moccasin

Illustrated notes

Levels and vault maps discovered:
D:1:      spicycebolla_arrival_risky_transporter, layout_loops_ring,
          serial_bayou_pond_b, minmay_tree_intersection
D:2:      layout_basic, basic_altar, minmay_distorted
D:3:      layout_basic
D:4:      layout_layer_cave, amcnicky_altar_gilded, minivault_25,
          nicolae_hexahallways, uniq_natasha

Skill      XL: |  1  2  3  4 |
---------------+-------------+-----
Translocations | 2 |  2.2
Invocations    | 1 |  1.3
Fighting       | 1 |  1.2
Short Blades   | 1 |  1.2
Long Blades    | 1 |  1.2
Axes           | 1 |  1.2
Maces & Flails | 1 |  1.2
Polearms       | 1 |  1.2
Staves         | 1 |  1.2
Throwing       | 1 |  1.2
Shields        | 1 |  1.2
Unarmed Combat | 1 |  1.2
Spellcasting   | 3 |  3.0
Conjurations   | 1 |  1.0
Hexes          | 1 |  1.0
Summonings     | 1 |  1.0
Necromancy     | 1 |  1.0
Transmutations | 1 |  1.0
Fire Magic     | 1 |  1.0
Ice Magic      | 1 |  1.0
Air Magic      | 1 |  1.0
Earth Magic    | 1 |  1.0
Poison Magic   | 1 |  1.0
Ranged Weapons | |  4.6
Armour         | |  2.8
Dodging        | |  4.6
Stealth        | |  2.6
Evocations     | |  4.6

Action                   |  1- 3 |  4- 6 || total
-------------------------+-------+-------++-------
Melee: Short sword       |     2 |    29 ||    31
       Bite              |       |     3 ||     3
 Fire: Sling             |    90 |    21 ||   111
  Use: Potion            |       |     2 ||     2
 Stab: Sleeping          |       |     1 ||     1
Armor: Robe              |     2 |     2 ||     4
       Ring mail         |       |     2 ||     2
Dodge: Dodged            |    10 |    28 ||    38
